 Dungeon Crawl Stone Soup version 0.19-a0-726-g4af737f (webtiles) character file.

19327 zxpr0jk the Covert (level 12, -4/172 HPs)
             Began as a Naga Gladiator on June 17, 2016.
             Was the Champion of Cheibriados.
             Slain by a slime creature (14 damage)
             ... on level 13 of the Dungeon on June 21, 2016.
             The game lasted 00:33:05 (12594 turns).

zxpr0jk the Covert (Naga Gladiator)                Turns: 12594, Time: 00:33:07

Health: -4/172     AC: 20    Str: 38 (41) XL:     12   Next: 67%
Magic:  12/12      EV: 15    Int: 25      God:    Cheibriados [******]
Gold:   951        SH:  0    Dex: 29 (30) Spells: 0 memorised, 11 levels left

rFire  + . .     SeeInvis +     c - +5 dagger (venom)
rCold  . . .     Gourm    .     h - +4 chain mail {rPois}
rNeg   . . .     Faith    .     (no shield)
rPois  +         Spirit   .     W - +0 helmet
rElec  .         Dismiss  .     M - +2 cloak {MR+}
rCorr  .         Reflect  .     e - +0 pair of gloves
SustAt .         Harm     .     (no barding)
MR     ++...                    (no amulet)
Stlth  ..........               b - ring of protection from fire
                                I - +3 ring of strength

@: berserking, very slow, very resistant to hostile enchantments, extremely
unstealthy
A: see invisible, deformed body, poison resistance, slowness 2, slow metabolism
1, spit poison 2, AC +4
a: Spit Poison, Bend Time, Temporal Distortion, Slouch, Step From Time, Renounce
Religion


You were on level 13 of the Dungeon.
You worshipped Cheibriados.
Cheibriados was exalted by your worship.
You were not hungry.

You visited 2 branches of the dungeon, and saw 14 of its levels.

You collected 1059 gold pieces.
You spent 108 gold pieces at shops.

Inventory:

Hand Weapons
 c - a +5 dagger of venom (weapon)
Missiles
 d - 3 throwing nets (quivered)
 m - 5 needles of confusion
Armour
 e - a +0 pair of gloves (worn)
 h - a +4 chain mail of poison resistance (worn)
 L - a +0 plate armour
 M - a +2 cloak of magic resistance (worn)
 W - a +0 helmet (worn)
Jewellery
 b - a ring of protection from fire (right hand)
 w - an uncursed ring of fire
 I - a +3 ring of strength (left hand)
 Q - an uncursed amulet of harm
Wands
 u - a wand of confusion (34/48)
 C - a wand of polymorph (7/24)
 E - a wand of iceblast (5/15)
 K - a wand of teleportation (6/9)
Scrolls
 g - 4 scrolls of identify
 j - 4 scrolls of amnesia
 l - a scroll of acquirement {unknown}
 o - 2 scrolls of fog
 p - 2 scrolls of enchant armour
 q - 2 scrolls of teleportation
 t - 2 scrolls of enchant weapon
 v - 2 scrolls of immolation
 x - a scroll of remove curse
 H - a scroll of recharging
Potions
 i - a potion of magic
Books
 G - a Fen Folio

   Spells                             Type                      Level
   a - Corpse Rot                     Necromancy                   2
   b - Stone Arrow                    Conjuration/Earth            3
   c - Leda's Liquefaction            Hexes/Earth                  4
   d - Summon Forest                  Summoning/Translocation      5
   e - Hydra Form                     Transmutation                6
   f - Summon Hydra                   Summoning                    7
 J - a book of Summonings

   Spells                             Type                      Level
   a - Recall                         Summoning/Translocation      3
   b - Aura of Abjuration             Summoning                    5
   c - Summon Demon                   Summoning                    5
   d - Summon Forest                  Summoning/Translocation      5
   e - Summon Mana Viper              Hexes/Summoning              5
   f - Shadow Creatures               Summoning                    6
 S - a book of the Earth

   Spells                             Type                      Level
   a - Leda's Liquefaction            Hexes/Earth                  4
   b - Bolt of Magma                  Conjuration/Fire/Earth       5
   c - Statue Form                    Transmutation/Earth          6
   d - Iron Shot                      Conjuration/Earth            6
   e - Shatter                        Earth                        9
Comestibles
 f - 20 bread rations
 D - 4 meat rations
 P - 9 beef jerkies


   Skills:
 + Level 9.5 Fighting
 + Level 9.9 Short Blades
 - Level 1.7 Throwing
 + Level 7.6 Armour
 + Level 8.2 Dodging
 + Level 13.9 Stealth


You had 11 spell levels left.
You didn't know any spells.

Dungeon Overview and Level Annotations

Branches:
Dungeon (13/15)            Temple (1/1) D:5            Lair (0/6) D:10
    Orc (0/2) D:10
 Vaults: D:13-14

Altars:
Ashenzari
Cheibriados
Dithmenos
Elyvilon
Fedhas
Gozag
Hepliaklqana
Kikubaaqudgha
Makhleb
Nemelex Xobeh
Okawaru
Pakellas
Qazlal
Ru
Sif Muna
Trog
Uskayaw
Vehumet
Xom
Yredelemnul
Zin
The Shining One

Shops:
D:6 }   D:7 [   D:10 [

Portals:
Trove: D:12 (give +3 storm dragon armour)


Innate Abilities, Weirdness & Mutations

You cannot wear boots.
Your serpentine skin is tough. (AC +4)
You have supernaturally acute eyesight. (SInv)
Armour fits poorly on your strangely shaped body.
Your system is resistant to poisons. (rPois)
You cover ground very slowly.
You have a slow metabolism.
You can spit poison.


Message History

Two slime creatures merge to form a large slime creature.
The slime creature hits you but does no damage.
The slime creature barely misses you.
You puncture the slime creature!
The slime creature is almost dead.
You impale the large slime creature!!
The large slime creature looks as sick as possible!
The large slime creature is heavily wounded.
The slime creature hits you but does no damage.
The large slime creature completely misses you.
The slime creature hits you but does no damage.
You puncture the large slime creature!
The large slime creature is heavily wounded.
You puncture the slime creature!
The slime creature is almost dead.
You kill the slime creature!
Cheibriados thoroughly appreciates the change of pace.
Your life force feels restored.
The slime creature hits you!
You die...

##### #...
##### #%J
##...###J#
#.....##J#
#......@.#
#.....##J.#
##....####...
####.# .....
#.# .### #
#.# ## .#
#####.### ##
.# #.
#.......# ...
.###.
#.###.#.#
...###...###


You could see a large slime creature and 3 slime creatures.

Vanquished Creatures
  An ogre mage (D:12)
  Erica (D:11)
  Sonja (D:10)
  3 unseen horrors
  An orc sorcerer (D:10)
  3 hill giants
  A griffon (D:13)
  An ugly thing (D:13)
  Maurice (D:11)
  A troll (D:12)
  Grinder (D:4)
  2 two-headed ogres
  4 slime creatures (D:13)
  A shadow (D:12)
  3 wyverns
  2 hippogriffs
  3 hungry ghosts
  Grum (D:8)
  3 vampire mosquitoes (D:12)
  A basilisk (D:12)
  A steam dragon (D:10)
  Edmund (D:4)
  A soldier ant (D:10)
  Duvessa (D:4)
  2 sky beasts
  8 ice beasts
  5 orc warriors
  A black bear (D:10)
  2 necrophages
  12 centaurs
  A phantom (D:4)
  19 ogres
  An eye of draining (D:10)
  4 wolves (D:8)
  The ghost of RexDaemonia the Ruffian, an amateur GrMo of Okawaru (D:6)
  13 giant frogs
  A water moccasin zombie (D:5)
  A wyvern zombie (D:12)
  Dowan (D:4)
  A wyvern skeleton (D:12)
  3 scorpions
  18 killer bees
  7 wights
  3 howler monkeys
  3 crimson imps
  2 centaur zombies (D:11)
  3 giant frog zombies
  4 hounds
  9 orc priests
  A gnoll shaman (D:9)
  2 jellies
  8 orc wizards
  4 iguanas
  10 worker ants
  3 hound skeletons
  A worker ant zombie (D:3)
  A howler monkey skeleton (D:7)
  10 adders
  11 gnolls
  4 shadow imps
  2 adder zombies
  3 adder skeletons
  2 worms (D:2)
  3 dart slugs (D:1)
  6 giant geckos
  39 orcs
  11 bats
  4 giant cockroaches
  6 goblins
  12 hobgoblins
  9 jackals
  11 kobolds
  8 quokkas
  A ball python (D:2)
  A giant cockroach zombie (D:3)
  2 giant gecko skeletons
  9 giant newts
  2 jackal skeletons
  2 quokka skeletons
  9 rats
361 creatures vanquished.

Vanquished Creatures (others)
  A worm (D:3)
1 creature vanquished.

Grand Total: 362 creatures vanquished

Notes
Turn   | Place    | Note
--------------------------------------------------------------
     0 | D:1      | zxpr0jk the Naga Gladiator began the quest for the Orb.
     0 | D:1      | Reached XP level 1. HP: 19/19 MP: 1/1
    62 | D:1      | Reached XP level 2. HP: 16/27 MP: 2/2
   316 | D:1      | Reached XP level 3. HP: 32/33 MP: 3/3
   465 | D:1      | Reached skill level 1 in Armour
   523 | D:2      | Reached skill level 1 in Stealth
  1251 | D:2      | Reached XP level 4. HP: 40/40 MP: 4/4
  1397 | D:2      | Reached skill level 2 in Stealth
  2233 | D:3      | Reached skill level 3 in Stealth
  2242 | D:3      | Reached XP level 5. HP: 47/49 MP: 5/5
  2880 | D:4      | Noticed a phantom
  2912 | D:4      | Killed a phantom
  2912 | D:4      | Reached skill level 4 in Stealth
  2912 | D:4      | Reached XP level 6. HP: 30/56 MP: 6/6
  3249 | D:4      | Noticed Duvessa
  3250 | D:4      | Noticed Dowan
  3259 | D:4      | Killed Duvessa
  3268 | D:4      | Killed Dowan
  3268 | D:4      | Reached XP level 7. HP: 62/63 MP: 7/7
  3371 | D:4      | Noticed Edmund
  3388 | D:4      | Killed Edmund
  3388 | D:4      | Reached skill level 5 in Stealth
  3459 | D:4      | Noticed Grinder
  3463 | D:4      | Paralysed by Grinder for 5 turns
  3479 | D:4      | Killed Grinder
  3747 | D:4      | Reached skill level 5 in Short Blades
  3747 | D:4      | Reached XP level 8. HP: 64/73 MP: 8/8
  3808 | D:4      | Found a glowing silver altar of Zin.
  3809 | D:4      | Found an opulent altar of Gozag.
  3892 | D:4      | Found a hide-covered altar of Uskayaw.
  3901 | D:4      | Found a shattered altar of Ashenzari.
  3908 | D:4      | Found an iron altar of Okawaru.
  3920 | D:4      | Found a shimmering altar of Xom.
  3927 | D:4      | Found a bloodstained altar of Trog.
  3934 | D:4      | Found a burning altar of Makhleb.
  3939 | D:4      | Found a glowing golden altar of the Shining One.
  3980 | D:5      | Entered Level 5 of the Dungeon
  4231 | D:5      | Reached skill level 6 in Stealth
  4290 | D:5      | Found a staircase to the Ecumenical Temple.
  4557 | Temple   | Entered the Ecumenical Temple
  4648 | Temple   | Became a worshipper of Cheibriados the Contemplative
  5015 | D:6      | Reached skill level 5 in Fighting
  5018 | D:6      | Noticed RexDaemonia's ghost (amateur GrMo)
  5073 | D:6      | Killed RexDaemonia's ghost
  5073 | D:6      | Reached skill level 7 in Stealth
  5747 | D:6      | Found Yjemoysial's Gadget Boutique.
  5849 | D:6      | Reached XP level 9. HP: 32/81 MP: 9/9
  5895 | D:6      | Reached * piety under Cheibriados
  6217 | D:7      | Reached skill level 5 in Dodging
  6221 | D:7      | Reached skill level 8 in Stealth
  6474 | D:7      | Reached ** piety under Cheibriados
  6746 | D:7      | Found Paholo's Antique Armour Boutique.
  6752 | D:7      | Bought a glowing cloak for 108 gold pieces
  7003 | D:8      | Reached skill level 9 in Stealth
  7014 | D:8      | Upgraded the game from 0.19-a0-678-ge7aab0b to 0.19-a0-726-g4af737f
  7060 | D:8      | Noticed Grum
  7074 | D:8      | Reached *** piety under Cheibriados
  7085 | D:8      | Reached XP level 10. HP: 42/92 MP: 10/10
  7102 | D:8      | Killed Grum
  7102 | D:8      | Reached skill level 5 in Armour
  7744 | D:8      | Reached **** piety under Cheibriados
  7744 | D:8      | Reached skill level 10 in Stealth
  8582 | D:9      | Reached ***** piety under Cheibriados
  8644 | D:9      | Noticed a hill giant
  8658 | D:9      | Killed a hill giant
  8658 | D:9      | Reached skill level 11 in Stealth
  8928 | D:9      | Found a stormy altar of Qazlal.
  9030 | D:10     | Entered Level 10 of the Dungeon
  9032 | D:10     | Noticed a hill giant
  9045 | D:10     | Killed a hill giant
  9045 | D:10     | Reached XP level 11. HP: 66/102 MP: 11/11
  9091 | D:10     | Found a staircase to the Lair.
  9117 | D:10     | Found Jyuhyxaff's Armour Shop.
  9121 | D:10     | Found a staircase to the Orcish Mines.
  9492 | D:10     | Reached ****** piety under Cheibriados
  9636 | D:10     | Noticed Sonja
  9643 | D:10     | Killed Sonja
  9643 | D:10     | Reached skill level 12 in Stealth
  9676 | D:11     | Noticed Erica
  9715 | D:10     | Noticed an orc sorcerer
  9733 | D:10     | Killed an orc sorcerer
  9833 | D:11     | Killed Erica
 10016 | D:11     | Noticed an unseen horror
 10042 | D:11     | Killed an unseen horror
 10689 | D:11     | Noticed Maurice
 10693 | D:11     | Killed Maurice
 10786 | D:12     | Reached XP level 12. HP: 112/112 MP: 12/12
 10820 | D:12     | Noticed an ogre mage
 10825 | D:12     | Paralysed by an ogre mage for 3 turns
 10843 | D:12     | Killed an ogre mage
 10843 | D:12     | Reached skill level 13 in Stealth
 11238 | D:12     | Found a portal to a secret trove of treasure.
 11883 | D:12     | Found a hazy altar of Hepliaklqana.
 12594 | D:13     | Slain by a slime creature

Vault maps used:
D:1:      minmay_arrival_glassed_features
D:2:      st_stairs_4, kennysheep_decorative_pillar, lexackson_kobold_supper
D:3:      serial_undead, serial_undead_f, serial_undead_a, serial_undead_c,
          serial_undead_f, lemuel_flame_loot_1
D:4:      grunt_temple_overflow_gold_and_silver, grunt_temple_overflow_octagram,
          uniq_duvessa, uniq_grinder, uniq_edmund
D:5:      temple_doors_e, first_bread
D:6:      serial_shops, nicolae_shop_behind_doors
D:7:      serial_shops, shop
D:8:      grunt_ogre_cave, nicolae_wwwww, uniq_grum
D:9:      nicolae_qazlal_eye_of_the_storm
D:10:     kennysheep_spiral_hall, lair_0_dummy, orc_david_3, uniq_sonja
D:11:     corexii_corridor_pit, uniq_maurice, uniq_erica
D:12:     enter_trove_6, basic_altar
D:13:     grunt_vaults_entry_fortified, nicolae_gozag_seed_capital
Temple:   triangle_lava_temple_12

Skill      XL: |  1  2  3  4  5  6  7  8  9 10 11 12 |
---------------+-------------------------------------+-----
Armour         | 1 2 3 4 5 6 7 |  7.6
Stealth        | 1 3 4 5 7 9 11 12 13 | 13.9
Fighting       | 3 4 5 6 7 8 9 |  9.5
Dodging        | 3 4 5 6 7 8 |  8.2
Short Blades   | 4 5 7 8 9 |  9.9
Throwing       | |  1.7

Action                   |  1- 3 |  4- 6 |  7- 9 | 10-12 || total
-------------------------+-------+-------+-------+-------++-------
Melee: Rapier            |   156 |   191 |       |       ||   347
       Dagger            |       |       |   411 |  1073 ||  1484
Throw: Throwing net      |     3 |     5 |     8 |     1 ||    17
  Use: Potion            |       |     1 |     2 |    21 ||    24
       Scroll            |       |       |       |    21 ||    21
 Stab: Held in net/web   |     1 |     3 |     3 |       ||     7
       Sleeping          |       |     7 |     3 |    15 ||    25
       Invisible         |       |       |       |     1 ||     1
  Eat: Chunk             |     1 |     4 |    10 |    11 ||    26
       Pizza             |       |     1 |       |     3 ||     4
       Fruit             |       |       |       |     2 ||     2
       Royal jelly       |       |       |       |     1 ||     1
Armor: Leather armour    |    41 |    63 |     3 |       ||   107
       Chain mail        |       |       |   220 |   477 ||   697
Dodge: Dodged            |    85 |   120 |   164 |   766 ||  1135
